 Dungeon Crawl Stone Soup version 0.31-a0-185-g9dded2c639 (webtiles) character file.

Game seed: 18262442902408300282

181 qw the Skirmisher (level 5, -8/29 HPs)
             Began as a Deep Elf Hunter on June 22, 2023.
             Killed from afar by Ijyb (13 damage)
             ... with a bolt of light
             ... on level 4 of the Dungeon.
             The game lasted 00:01:06 (2227 turns).

qw the Skirmisher (Deep Elf Hunter)                 Turns: 2227, Time: 00:01:07

Health: -8/29      AC:  7    Str: 10    XL:     5   Next: 34%
Magic:  7/7        EV: 11    Int: 14    God:
Gold:   117        SH:  0    Dex: 18    Spells: 4/4 levels left

rFire   . . .        Y - +0 shortbow
rCold   + . .        (shield currently unavailable)
rNeg    . . .        g - +0 ring mail {rC+}
rPois   .            f - +0 helmet
rElec   .            c - +0 cloak
rCorr   .            (no gloves)
SInv    .            (no boots)
Will    .....        (no amulet)
Stlth   +            (no ring)
HPRegen 0.24/turn    (no ring)
MPRegen 0.10/turn

%: no passive effects
@: no status effects
A: no striking features
a: no special abilities


You were on level 4 of the Dungeon.
You visited 1 branch of the dungeon, and saw 4 of its levels.

You collected 117 gold pieces.


   Skills:
 - Level 1.5 Fighting
 + Level 8.8 Ranged Weapons
 - Level 2.4 Dodging
 - Level 1.2 Stealth


You had 4 spell levels left.
You didn't know any spells.
Your spell library was empty.

Inventory:

Hand Weapons
 Y - a +0 shortbow (weapon)
Armour
 c - a +0 cloak (worn)
 f - a +0 helmet (worn)
 g - a +0 ring mail of cold resistance (worn)
Scrolls
 m - a scroll of identify
Potions
 a - a potion of berserk rage {unknown}
 d - a potion of attraction {unknown}
 e - a potion of haste {unknown}
 h - a potion of curing {unknown}
 i - a potion of mutation {unknown}
 j - a potion of heal wounds {unknown}
 k - a potion of degeneration {unknown}
 o - a potion of ambrosia {unknown}

Dungeon Overview and Level Annotations

Branches:
Dungeon (4/15)
 Temple: D:4-7

Altars:
Gozag
Trog
Uskayaw

Annotations:
D:4 Ijyb


Message History

The hobgoblin is severely wounded.
The hobgoblin shoots a sling bullet.
The sling bullet misses you.
You shoot an arrow. The arrow hits the hobgoblin.
You kill the hobgoblin!
You start resting.
HP restored.
You see here a +0 dagger.
You see here a +0 sling.
Found a scale mail.
You now have 117 gold pieces (gained 6).
Found a stone staircase leading up.
Enter note:
Enter note:
Found a mace.
There is a stone staircase leading up here.
Enter note:
Enter note: You see here a +0 mace.
You see here a +0 mace.
As you open the door, it creaks loudly!
Ijyb the Twisted Goblin comes into view.
She is wielding a +0 club and carrying a wand of light (10).
Enter note:
Enter note: You shoot an arrow.
The arrow completely misses Ijyb.
Ijyb zaps a wand.
The bolt of light misses you.
You shoot an arrow. The arrow hits Ijyb.
Ijyb is lightly wounded.
Ijyb zaps a wand.
The bolt of light hits you!
You are confused.
Ouch! That really hurt!
You feel less confused.
Ijyb zaps a wand.
The bolt of light hits you!
You shoot an arrow. The arrow closely misses Ijyb.
Ijyb screams, "I cut your head off!"
You shoot an arrow. The arrow hits Ijyb.
Ijyb is moderately wounded.
You shoot an arrow. The arrow hits Ijyb!
Ijyb is severely wounded.
Ijyb zaps a wand.
The bolt of light hits you!
You die...

##.##### ##.#.##
##.###.## #+ #.## ##.#
... ##.###.## ....
##.#<## ..... ##.#.##
......####....########
.....g'@..............
......####....########
..... ##.).# ....
#.### ... #.# #+ #.#
#.# #.# #.#


You could see Ijyb.

Vanquished Creatures
  2 orc wizards (D:3)
  A gnoll (D:1)
  6 adders
  A worm (D:4)
  2 dart slugs (D:1)
  An orc (D:3)
  3 endoplasms
  3 giant cockroaches
  8 goblins
  9 hobgoblins
  5 kobolds
  A quokka (D:3)
  6 ball pythons
  6 bats
  2 frilled lizards
  8 rats
64 creatures vanquished.

Notes
Turn   | Place    | Note
-------+----------+-------------------------------------------
     0 | D:1      | qw the Deep Elf Hunter began the quest for the Orb.
     0 | D:1      | Reached XP level 1. HP: 12/12 MP: 3/3
     0 | D:1      | 0 ||| qw: Version: 0.3-a-9-g12657ce
     0 | D:1      | 0 ||| qw: Game counter: 1923
     0 | D:1      | 0 ||| qw: Always use a shield: true
     0 | D:1      | 0 ||| qw: God list: Okawaru
     0 | D:1      | 0 ||| qw: Allow faded altars: false
     0 | D:1      | 0 ||| qw: Do Orc after D:15 true
     0 | D:1      | 0 ||| qw: Do second Lair branch before Depths: true
     0 | D:1      | 0 ||| qw: Lair rune preference: random
     0 | D:1      | 0 ||| qw: Plans: Normal
     0 | D:1      | 0 ||| PLANNING D:1-11
    27 | D:1      | 27 ||| FLEEEEING.
    63 | D:1      | Reached XP level 2. HP: 16/16 MP: 4/4
    73 | D:1      | Reached skill level 6 in Ranged Weapons
    86 | D:1      | 86 ||| DROPPING scroll of butterflies.
   154 | D:1      | Reached XP level 3. HP: 20/20 MP: 5/5
   479 | D:1      | 479 ||| UPGRADING to +0 helmet.
   484 | D:1      | 484 ||| UPGRADING to +0 ring mail of cold resistance.
   494 | D:1      | 494 ||| DROPPING +0 leather armour.
   495 | D:1      | 495 ||| READING scroll labelled ZAECAROU RIERA.
   496 | D:1      | 496 ||| READING scroll labelled COUVVI AJIWKE.
   595 | D:2      | Reached skill level 7 in Ranged Weapons
   726 | D:2      | Reached XP level 4. HP: 25/25 MP: 6/6
  1218 | D:2      | 1218 ||| UPGRADING to +0 cloak.
  1223 | D:2      | 1223 ||| READING scroll labelled GAPPIO SAENK.
  1224 | D:2      | 1224 ||| READING scroll labelled RIUTAD VABARCH.
  1225 | D:2      | 1225 ||| READING 2 scrolls labelled TUS AJOKKEPA.
  1226 | D:2      | 1226 ||| READING scroll labelled JEHIRONISI.
  1230 | D:2      | 1230 ||| READING scroll labelled WUBROD UHOURAD.
  1232 | D:2      | 1232 ||| Stepping ~*~*~tactically~*~*~ (cloud).
  1236 | D:2      | HP: 6/25 [poisoned by you (poison gas)]
  1375 | D:3      | Reached skill level 8 in Ranged Weapons
  1472 | D:3      | HP: 6/25 [something (3)]
  1481 | D:3      | Reached XP level 5. HP: 4/29 MP: 7/7
  1748 | D:3      | Found a faded altar of an unknown god.
  1919 | D:3      | 1919 ||| DRINKING 2 bubbling sapphire potions.
  1974 | D:3      | 1974 ||| DROPPING potion of lignification.
  2104 | D:4      | Found an opulent altar of Gozag.
  2111 | D:4      | Found a bloodstained altar of Trog.
  2146 | D:4      | Found a hide-covered altar of Uskayaw.
  2220 | D:4      | Noticed Ijyb
  2224 | D:4      | HP: 5/29 [Ijyb/bolt of light (8)]
  2227 | D:4      | Killed from afar by Ijyb

Levels and vault maps discovered:
D:1:      psy_arrival_whirlpool, layout_rooms, glass_columns_c,
          nicolae_grassy_gnolls
D:2:      wad_river_or_something, layout_basic
D:3:      layout_basic, shapermc_ecumenical_altar_totnotflames
D:4:      layout_loops_corners, mainiacjoe_overflow_tiny_flanked,
          gammafunk_temple_overflow_statue, temple_hall, uniq_ijyb,
          uniq_blork_the_orc

Skill      XL: |  1  2  3  4 |
---------------+-------------+-----
Ranged Weapons | 6 7 8 |  8.8
Fighting       | |  1.5
Dodging        | |  2.4
Stealth        | |  1.2

Action                     |  1- 3 |  4- 6 || total
---------------------------+-------+-------++-------
   Fire: Shortbow          |    98 |   104 ||   202
    Use: Scroll            |     2 |     5 ||     7
         Potion            |       |     1 ||     1
 Armour: Leather armour    |     5 |       ||     5
         Ring mail         |     3 |    26 ||    29
  Dodge: Dodged            |    19 |    33 ||    52

Table legend:
 A = Non-vault XP
 B = Vault XP
 C = Vault XP percentage of total XP
 D = Non-vault monster count
 E = Vault monster count
 F = Vault count percentage of total count
                 A         B        C        D         E       F
            +---------+---------+-------+---------+---------+-------
      Total |     196 |      63 |  24.3 |      54 |      10 |  15.6
            +---------+---------+-------+---------+---------+-------
        D:1 |      45 |      14 |  23.7 |      27 |       1 |   3.6
        D:2 |      41 |      49 |  54.4 |      12 |       9 |  42.9
        D:3 |      97 |       0 |   0.0 |      10 |       0 |   0.0
        D:4 |      13 |       0 |   0.0 |       5 |       0 |   0.0
            +---------+---------+-------+---------+---------+-------
